AoeStats
← Iguano Pop

Arabian Desert

509031912Analyzed
1v1 RM · 7d ago on Sep 25, 2026· 22m 20s· 2 players
Game mode
Random Map
Map size
Tiny (2 player)
Population
200
Speed
Normal
Resources
Standard
Victory
Conquest
Starting age
Dark Age
Ending age
Imperial Age
RankedLock teamsTeams togetherTeam positionsShared explorationLock speedFull tech treeHidden civsTurbo modeCheats
Victory
Defeat
🇲🇽 Celts · Mexico
1341
+14
🇺🇸 Dravidians · United States
1295
-14
Iguano Pop
7:14 Loom
9:28 Feudal Age
9:33 Man-at-Arms
13:06 Town Watch
16:20 Fletching
21:41 Castle Age
21:07 Scale Mail Armor
21:15 Padded Archer Armor
21:15 Double-Bit Axe
21:32 Gold Mining
21:44 Long Swordsman
gregler
6:40 Loom
6:44 Loom
9:48 Feudal Age
10:07 Man-at-Arms
16:48 Fletching
19:22 Padded Archer Armor
22:06 Wheelbarrow
Connection lost

Rejoining the realm…

Still unreachable

The connection could not be restored.

Session expired

The server has moved on; the page needs a fresh start.